PAAA
BLOOMINGTON LONGNECKS @ JERSEY CITY TRITONS
09/16/2032
 
TOP OF THE 1ST
Bloomington Longnecks batting - Pitching for Jersey City Tritons : RHP Juan Costello
Pitching: RHP Juan Costello
Batting: RHB Barrett Drury 0-0: Foul Ball, location: 2F
0-1: Ball
1-1: Ground out 4-3 (Groundball, 4)
Batting: RHB Toussiant L'Ouverture 0-0: Ball
1-0: Ball
2-0: Ball
3-0: Called Strike
3-1: Base on Balls
Batting: LHB Marshall Willis 0-0: Ball
1-0: Swinging Strike
1-1: Called Strike
1-2: Ball
2-2: Ball
3-2: Fielders Choice at 2nd, 6-4 (Groundball, 6M)
Batting: RHB Martín Martínez 0-0: Ball
Marshall Willis is caught stealing 2nd base
Top of the 1st over - 0 runs, 0 hits, 0 errors, 0 left on base; Bloomington 0 - Jersey City 0
BOTTOM OF THE 1ST
Jersey City Tritons batting - Pitching for Bloomington Longnecks : RHP Tony DeWitt
Pitching: RHP Tony DeWitt
Batting: SHB Holden Nolan 0-0: Called Strike
0-1: Foul Ball, location: 2F
0-2: TRIPLE (Flyball, 8LXD)
Batting: RHB Rand McNally 0-0: Foul Ball, location: 2F
0-1: Ball
1-1: Ball
2-1: 2-RUN HOME RUN (Flyball, 78XD), Distance : 424 ft
Batting: LHB Bart Walton 0-0: Ball
1-0: Fly out, F9 (Line Drive, 9)
Batting: RHB Ray Walker 0-0: Called Strike
0-1: Ball
1-1: Foul Ball, location: 2F
1-2: Ball
2-2: Ground out 4-3 (Groundball, 4)
Batting: RHB Brian Moring 0-0: Foul Ball, location: 2F
0-1: Ball
1-1: Ball
2-1: Ball
3-1: Called Strike
3-2: Ground out 6-3 (Groundball, 6)
Bottom of the 1st over - 2 runs, 2 hits, 0 errors, 0 left on base; Bloomington 0 - Jersey City 2
TOP OF THE 2ND
Bloomington Longnecks batting - Pitching for Jersey City Tritons : RHP Juan Costello
Batting: RHB Martín Martínez 0-0: Ground out 4-3 (Groundball, 4MS)
Batting: RHB Bubba Blevins 0-0: Ball
1-0: Swinging Strike
1-1: Foul Ball, location: 2F
1-2: Fly out, F9 (Flyball, 89D)
Batting: RHB Chet Hollis 0-0: Foul Ball, location: 2F
0-1: Foul Ball, location: 2F
0-2: Ball
1-2: Foul Ball, location: 2F
1-2: SINGLE (Groundball, 6MD)
Batting: RHB Bastiaan Pieterse 0-0: Called Strike
0-1: Ball
1-1: DOUBLE (Line Drive, 89D)
Chet Hollis to third
Runner from 3rd tries for Home, SAFE, no throw
Batting: RHB Gabrio Campoverde 0-0: Ball
1-0: Foul Ball, location: 2F
1-1: Foul Ball, location: 2F
1-2: Ball
2-2: Ball
3-2: Base on Balls
Batting: RHB Mark Smiley 0-0: Ball
1-0: Ball
2-0: Called Strike
2-1: Ball
3-1: Base on Balls
Bastiaan Pieterse to third
Gabrio Campoverde to second
Batting: RHB Barrett Drury 0-0: Foul Ball, location: 2F
0-1: Ball
1-1: Fly out, F3 (Popup, 3)
Top of the 2nd over - 1 run, 2 hits, 0 errors, 3 left on base; Bloomington 1 - Jersey City 2
BOTTOM OF THE 2ND
Jersey City Tritons batting - Pitching for Bloomington Longnecks : RHP Tony DeWitt
Batting: LHB Bartholomew Bailey 0-0: Ball
1-0: Ball
2-0: Ball
3-0: Base on Balls
Batting: RHB Carlos Rúbio 0-0: Foul Ball, location: 2F
0-1: Called Strike
0-2: Fly out, F6 (Line Drive, 6)
Batting: RHB Micheal Lovell 0-0: Called Strike
0-1: Ball
1-1: Ball
2-1: SINGLE (Line Drive, 78S)
Bartholomew Bailey to second
Batting: RHB Rubén Arce 0-0: Ball
1-0: 3-RUN HOME RUN (Flyball, 7D), Distance : 389 ft
Batting: SHB Holden Nolan 0-0: Called Strike
0-1: Ball
1-1: Foul Ball, location: 2F
1-2: Ground out 4-3 (Groundball, 4)
Batting: RHB Rand McNally 0-0: Foul Ball, location: 2F
0-1: Swinging Strike
0-2: Ball
1-2: Foul Ball, location: 2F
1-2: Ball
2-2: Ball
3-2: DOUBLE (Flyball, 78XD)
Batting: LHB Bart Walton 0-0: Ball
1-0: Fly out, F8 (Flyball, 8RD)
Bottom of the 2nd over - 3 runs, 3 hits, 0 errors, 1 left on base; Bloomington 1 - Jersey City 5
TOP OF THE 3RD
Bloomington Longnecks batting - Pitching for Jersey City Tritons : RHP Juan Costello
Batting: RHB Toussiant L'Ouverture 0-0: Called Strike
0-1: Ball
1-1: Foul Ball, location: 2F
1-2: Ball
2-2: Ball
3-2: Foul Ball, location: 2F
3-2: Foul Ball, location: 2F
3-2: Strikes out swinging, 2-3 out at first.
Batting: LHB Marshall Willis 0-0: Ball
1-0: Ball
2-0: Ball
3-0: Called Strike
3-1: Swinging Strike
3-2: Fly out, F7 (Line Drive, 7LD)
Batting: RHB Martín Martínez 0-0: Ball
1-0: Foul Ball, location: 2F
1-1: Foul Ball, location: 2F
1-2: Ball
2-2: Ball
3-2: Strikes out looking
Top of the 3rd over - 0 runs, 0 hits, 0 errors, 0 left on base; Bloomington 1 - Jersey City 5
BOTTOM OF THE 3RD
Jersey City Tritons batting - Pitching for Bloomington Longnecks : RHP Tony DeWitt
Batting: RHB Ray Walker 0-0: Ball
1-0: Called Strike
1-1: Foul Ball, location: 2F
1-2: Fly out, F2 (Popup, 25F)
Batting: RHB Brian Moring 0-0: Reached on error, E6 (Groundball, 6)
Batting: LHB Bartholomew Bailey 0-0: Ground out 3-1 (Groundball, 3)
Brian Moring to second
Batting: RHB Carlos Rúbio 0-0: Foul Ball, location: 2F
0-1: Ball
1-1: Foul Ball, location: 2F
1-2: Ball
2-2: Foul Ball, location: 2F
2-2: Foul Ball, location: 2F
2-2: Ground out 6-3 (Groundball, 6)
Bottom of the 3rd over - 0 runs, 0 hits, 1 error, 1 left on base; Bloomington 1 - Jersey City 5
TOP OF THE 4TH
Bloomington Longnecks batting - Pitching for Jersey City Tritons : RHP Juan Costello
Batting: RHB Bubba Blevins 0-0: Ball
1-0: Ball
2-0: Ball
3-0: Called Strike
3-1: Ground out 5-3 (Groundball, 56S)
Batting: RHB Chet Hollis 0-0: Ball
1-0: Ball
2-0: SOLO HOME RUN (Flyball, 7D), Distance : 377 ft
Batting: RHB Bastiaan Pieterse 0-0: Reached via error on a dropped throw, E3
Batting: RHB Gabrio Campoverde 0-0: SINGLE (Groundball, 6MD)
Bastiaan Pieterse to second
Batting: RHB Mark Smiley 0-0: Called Strike
0-1: Called Strike
0-2: Ball
1-2: Foul Ball, location: 2F
1-2: Ball
2-2: Strikes out swinging
Batting: RHB Barrett Drury 0-0: Ball
1-0: Called Strike
1-1: Foul Ball, location: 2F
1-2: Fly out, F8 (Flyball, 8RS)
Top of the 4th over - 1 run, 2 hits, 1 error, 2 left on base; Bloomington 2 - Jersey City 5
BOTTOM OF THE 4TH
Jersey City Tritons batting - Pitching for Bloomington Longnecks : RHP Tony DeWitt
Batting: RHB Micheal Lovell 0-0: Ball
1-0: Ground out 4-3 (Groundball, 4)
Batting: RHB Rubén Arce 0-0: Ground out 5-3 (Groundball, 56)
Batting: SHB Holden Nolan 0-0: Ball
1-0: Called Strike
1-1: Ball
2-1: Swinging Strike
2-2: Ball
3-2: Ground out 5-3 (Groundball, 56)
Bottom of the 4th over - 0 runs, 0 hits, 0 errors, 0 left on base; Bloomington 2 - Jersey City 5
TOP OF THE 5TH
Bloomington Longnecks batting - Pitching for Jersey City Tritons : RHP Juan Costello
Batting: RHB Toussiant L'Ouverture 0-0: Called Strike
0-1: Foul Ball, location: 2F
0-2: Foul Ball, location: 2F
0-2: SINGLE (Groundball, 56D)
Batting: LHB Marshall Willis 0-0: Foul Ball, location: 2F
0-1: Ball
1-1: SINGLE (Line Drive, 8LS)
Toussiant L'Ouverture to second
Batting: RHB Martín Martínez 0-0: Called Strike
0-1: SINGLE (Groundball, 6D)
Toussiant L'Ouverture to third
Marshall Willis to second
Runner from 3rd tries for Home, SAFE, no throw
Batting: RHB Bubba Blevins 0-0: Ball
1-0: Ball
2-0: Called Strike
2-1: Foul Ball, location: 2F
2-2: Ball
3-2: DOUBLE (Line Drive, 7LM)
Marshall Willis scores
Martín Martínez to third
Runner from 3rd tries for Home, SAFE, no throw
Pitching: RHP Jesús Colón
Batting: RHB Chet Hollis 0-0: Ball
1-0: Reached on error, E1 (Groundball, 15S)
Bubba Blevins to third
Batting: RHB Bastiaan Pieterse 0-0: Called Strike
0-1: Called Strike
0-2: Ball
1-2: Foul Ball, location: 2F
1-2: Ball
2-2: Ball
3-2: Fly out, F9 (Flyball, 9)
Runner from 3rd tags up, SCORES, throw made
Batting: RHB Gabrio Campoverde 0-0: Ball
1-0: Fly out, F8 (Flyball, 78XD)
Runner from 1st tags up, SAFE at 2nd
Batting: RHB Mark Smiley 0-0: Foul Ball, location: 2F
0-1: Ball
1-1: Swinging Strike
1-2: Ball
2-2: Ball
3-2: Foul Ball, location: 2F
3-2: Fly out, F9 (Flyball, 89M)
Top of the 5th over - 4 runs, 4 hits, 1 error, 1 left on base; Bloomington 6 - Jersey City 5
BOTTOM OF THE 5TH
Jersey City Tritons batting - Pitching for Bloomington Longnecks : RHP Tony DeWitt
Batting: RHB Rand McNally 0-0: Called Strike
0-1: DOUBLE (Flyball, 89D)
Batting: LHB Bart Walton 0-0: Ball
1-0: Called Strike
1-1: Foul Ball, location: 2F
1-2: Ball
2-2: Ball
3-2: Ground out 4-3 (Groundball, 34)
Rand McNally to third
Batting: RHB Ray Walker 0-0: Ball
1-0: Foul Ball, location: 2F
1-1: Called Strike
1-2: Ball
2-2: Ball
3-2: Strikes out swinging
Batting: RHB Brian Moring 0-0: Foul Ball, location: 2F
0-1: Ball
1-1: Ball
2-1: Foul Ball, location: 2F
2-2: Foul Ball, location: 2F
2-2: Foul Ball, location: 2F
2-2: SINGLE (Groundball, 56) (infield hit)
Rand McNally scores
Batting: LHB Bartholomew Bailey 0-0: Ball
1-0: Called Strike
1-1: Swinging Strike
1-2: Strikes out swinging, 2-3 out at first.
Bottom of the 5th over - 1 run, 2 hits, 0 errors, 1 left on base; Bloomington 6 - Jersey City 6
TOP OF THE 6TH
Bloomington Longnecks batting - Pitching for Jersey City Tritons : RHP Jesús Colón
Batting: RHB Barrett Drury 0-0: Ball
1-0: SINGLE (Groundball, 4D)
Batting: RHB Toussiant L'Ouverture 0-0: Called Strike
Barrett Drury steals 2nd base
0-1: Swinging Strike
0-2: Ball
1-2: Ground out 3-1 (Groundball, 34S)
Barrett Drury to third
Batting: LHB Marshall Willis 0-0: Intentional Walk
Batting: RHB Martín Martínez 0-0: Called Strike
0-1: Ball
1-1: Foul Ball, location: 2F
1-2: SINGLE (Flyball, 9LS)
Barrett Drury scores
Marshall Willis to second
Runner from 2nd tries for 3rd, SAFE, no throw
Batting: RHB Bubba Blevins 0-0: Ball
1-0: Swinging Strike
1-1: Ball
Wild Pitch!
Marshall Willis scores
Martín Martínez to second
2-1: Ball
3-1: Ground out 6-3 (Groundball, 6)
Pitching: RHP Raúl Flores
Batting: RHB Chet Hollis 0-0: Ball
1-0: Foul Ball, location: 2F
1-1: Ball
2-1: Ball
3-1: Ground out 2-3 (Groundball, 13S)
Top of the 6th over - 2 runs, 2 hits, 0 errors, 1 left on base; Bloomington 8 - Jersey City 6
BOTTOM OF THE 6TH
Jersey City Tritons batting - Pitching for Bloomington Longnecks : RHP Tony DeWitt
Pitching: RHP Nick Taylor
Batting: RHB Carlos Rúbio 0-0: Ball
1-0: Ball
2-0: Called Strike
2-1: Foul Ball, location: 2F
2-2: Strikes out swinging
Batting: RHB Micheal Lovell 0-0: Ball
1-0: Ball
2-0: Foul Ball, location: 2F
2-1: Ball
3-1: Fly out, F3 (Line Drive, 34)
Batting: RHB Rubén Arce 0-0: Ball
1-0: Called Strike
1-1: Fly out, F8 (Flyball, 89S)
Bottom of the 6th over - 0 runs, 0 hits, 0 errors, 0 left on base; Bloomington 8 - Jersey City 6
TOP OF THE 7TH
Bloomington Longnecks batting - Pitching for Jersey City Tritons : RHP Raúl Flores
Batting: RHB Bastiaan Pieterse 0-0: Foul Ball, location: 2F
0-1: Ball
1-1: Swinging Strike
1-2: Foul Ball, location: 2F
1-2: DOUBLE (Line Drive, 8LXD)
Batting: RHB Gabrio Campoverde 0-0: Intentional Walk
Batting: RHB Mark Smiley 0-0: Sac Bunt - play at first, batter OUT! 1-3
Bastiaan Pieterse to third
Gabrio Campoverde to second
Batting: RHB Barrett Drury 0-0: Ball
1-0: SINGLE (Line Drive, 89S)
Bastiaan Pieterse scores
Gabrio Campoverde to third
Runner from 3rd tries for Home, SAFE, throw made home
Batting: RHB Toussiant L'Ouverture 0-0: Called Strike
0-1: Ball
1-1: 2-RUN HOME RUN (Flyball, 7D), Distance : 397 ft
Batting: LHB Marshall Willis 0-0: Swinging Strike
0-1: Ball
1-1: Foul Ball, location: 2F
1-2: Ball
2-2: SINGLE (Groundball, 6D)
Batting: RHB Martín Martínez 0-0: Called Strike
Marshall Willis is caught stealing 2nd base
0-1: Foul Ball, location: 2F
0-2: Foul Ball, location: 2F
0-2: Ball
1-2: Foul Ball, location: 2F
1-2: Fly out, F8 (Line Drive, 78XD)
Top of the 7th over - 4 runs, 4 hits, 0 errors, 0 left on base; Bloomington 12 - Jersey City 6
BOTTOM OF THE 7TH
Jersey City Tritons batting - Pitching for Bloomington Longnecks : RHP Nick Taylor
Batting: SHB Holden Nolan 0-0: Ball
1-0: Foul Ball, location: 2F
1-1: Foul Ball, location: 2F
1-2: Ball
2-2: SINGLE (Line Drive, 7LS)
Batting: RHB Rand McNally 0-0: Called Strike
0-1: SINGLE (Groundball, 23) (infield hit)
Holden Nolan to second
Batting: LHB Bart Walton 0-0: Ball
1-0: Ball
2-0: Ball
3-0: Base on Balls
Holden Nolan to third
Rand McNally to second
Batting: RHB Ray Walker 0-0: Ball
1-0: Ball
2-0: Foul Ball, location: 2F
2-1: Ball
3-1: Base on Balls
Holden Nolan scores
Rand McNally to third
Bart Walton to second
Batting: RHB Brian Moring 0-0: Ball
1-0: Foul Ball, location: 2F
1-1: Ball
2-1: Fly out, F8 (Flyball, 8RS)
Runner from 3rd tags up, SCORES, no throw
Batting: LHB Bartholomew Bailey 0-0: Ball
1-0: Swinging Strike
1-1: Swinging Strike
1-2: Ball
2-2: Ball
3-2: SINGLE (Groundball, 34D)
Bart Walton to third
Ray Walker to second
Runner from 3rd tries for Home, SAFE, no throw
Pitching: LHP Jesús Medina
Batting: RHB Carlos Rúbio 0-0: Ball
1-0: Called Strike
1-1: Grounds into double play, 6-4-3 (Groundball, 6)
Bottom of the 7th over - 3 runs, 3 hits, 0 errors, 1 left on base; Bloomington 12 - Jersey City 9
TOP OF THE 8TH
Bloomington Longnecks batting - Pitching for Jersey City Tritons : RHP Raúl Flores
Pitching: RHP Juan Valdéz
Batting: RHB Bubba Blevins 0-0: Swinging Strike
0-1: SINGLE (Flyball, 8RS)
Batting: RHB Chet Hollis 0-0: Bunted foul
0-1: Sac Bunt - play at first, batter OUT! 3-4
Bubba Blevins to second
Batting: RHB Bastiaan Pieterse 0-0: Foul Ball, location: 2F
0-1: Ball
1-1: Ground out 6-3 (Groundball, 6)
Batting: RHB Gabrio Campoverde 0-0: Swinging Strike
0-1: 2-RUN HOME RUN (Flyball, 78XD), Distance : 422 ft
Batting: RHB Mark Smiley 0-0: Ball
1-0: Called Strike
1-1: Foul Ball, location: 2F
1-2: Foul Ball, location: 2F
1-2: Ball
2-2: Foul Ball, location: 2F
2-2: SINGLE (Groundball, 6MD)
Batting: RHB Barrett Drury 0-0: Foul Ball, location: 2F
0-1: Fly out, F3 (Popup, 23)
Top of the 8th over - 2 runs, 3 hits, 0 errors, 1 left on base; Bloomington 14 - Jersey City 9
BOTTOM OF THE 8TH
Jersey City Tritons batting - Pitching for Bloomington Longnecks : LHP Jesús Medina
Now at C: Carlos Cardona
Batting: RHB Micheal Lovell 0-0: Fly out, F9 (Flyball, 89S)
Batting: RHB Rubén Arce 0-0: Called Strike
0-1: Ground out 6-3 (Groundball, 6)
Batting: SHB Holden Nolan 0-0: Ball
1-0: Ball
2-0: Swinging Strike
2-1: SINGLE (Groundball, 34D)
Batting: RHB Rand McNally 0-0: Ground out 3-1 (Groundball, 34S)
Bottom of the 8th over - 0 runs, 1 hit, 0 errors, 1 left on base; Bloomington 14 - Jersey City 9
TOP OF THE 9TH
Bloomington Longnecks batting - Pitching for Jersey City Tritons : RHP Juan Valdéz
Batting: RHB Toussiant L'Ouverture 0-0: Foul Ball, location: 2F
0-1: Foul Ball, location: 2F
0-2: Ball
1-2: Strikes out swinging
Batting: LHB Marshall Willis 0-0: Ball
1-0: Ball
2-0: Called Strike
2-1: SOLO HOME RUN (Flyball, 9D), Distance : 370 ft
Batting: RHB Martín Martínez 0-0: Ball
1-0: Hit by Pitch
Pitching: RHP Eddie Schmitt
Batting: RHB Bubba Blevins 0-0: Ground out 5-3 (Groundball, 56S)
Martín Martínez to second
Batting: RHB Chet Hollis 0-0: Ball
1-0: Called Strike
1-1: Ball
2-1: Called Strike
2-2: Ball
3-2: SINGLE (Line Drive, 8LS)
Martín Martínez to third
Martín Martínez scores
Batting: RHB Carlos Cardona 0-0: Ball
Chet Hollis is caught stealing 2nd base
Top of the 9th over - 2 runs, 2 hits, 0 errors, 0 left on base; Bloomington 16 - Jersey City 9
BOTTOM OF THE 9TH
Jersey City Tritons batting - Pitching for Bloomington Longnecks : LHP Jesús Medina
Batting: LHB Bart Walton 0-0: Called Strike
0-1: Ball
1-1: Ground out U3 (Groundball, 3)
Batting: RHB Ray Walker 0-0: Ball
1-0: Fly out, F4 (Popup, 4M)
Batting: RHB Brian Moring 0-0: Ball
1-0: Fly out, F8 (Flyball, 8LD)
Bottom of the 9th over - 0 runs, 0 hits, 0 errors, 0 left on base; Bloomington 16 - Jersey City 9
Wednesday, September 19th, 2018 - OOTP Baseball 18.8 Build 76